 Dungeon Crawl Stone Soup version 0.29-a0-284-gf9362112df (webtiles) character file.

Game seed: 4181692574535656619

119623 epen the Archer (level 16, -7/101 HPs)
             Began as a Gnoll Hunter on Mar 15, 2022.
             Was a High Priest of Cheibriados.
             Killed from afar by a deep elf knight (38 damage)
             ... with a shard of ice
             ... on level 2 of the Elven Halls.
             The game lasted 00:54:31 (24294 turns).

epen the Archer (Gnoll Hunter)                     Turns: 24294, Time: 00:54:31

Health: -7/101     AC: 18    Str: 31      XL:     16   Next: 80%
Magic:  20/31      EV: 22    Int: 21 (23) God:    Cheibriados [*****.]
Gold:   3048       SH:  0    Dex: 34      Spells: 30/37 levels left

rFire   + + .      SeeInvis +   f - +5 longbow (freeze)
rCold   + . .      Faith    .   (shield currently unavailable)
rNeg    . . .      Spirit   .   R - +2 chain mail {rF+}
rPois   .          Reflect  .   v - +1 helmet
rElec   +          Harm     .   X - +0 cloak {rF+}
rCorr   +          Rampage  .   w - +1 pair of gloves "Etumnysh" {rElec SInv}
Will    +....                   U - +0 pair of boots
Stlth   +++.......              I - amulet of regeneration
HPRegen 0.00/turn               m - +4 ring of slaying
MPRegen 0.22/turn               g - ring "Xoiruus" {rElec rC+ rCorr Str+6}

@: inhibited regen, studying Fire Magic, unable to read, very slow
A: fangs 1, strong nose, distributed training, inhibited regeneration, inability
to read while threatened, [deformed body], [frail 2]
a: Renounce Religion, Bend Time, Temporal Distortion, Slouch, Step From Time


You were on level 2 of the Elven Halls.
You worshipped Cheibriados.
Cheibriados was extremely pleased with you.
You visited 5 branches of the dungeon, and saw 26 of its levels.
You visited the Abyss 1 time.
You also visited: Gauntlet and Volcano.

You collected 3048 gold pieces.

Inventory:

Hand Weapons
 f - a +5 longbow of freezing (weapon)
 K - the +7 great mace "Firestarter" {inner flame, rF++}
   (You took it off a deep elf pyromancer on level 10 of the Dungeon)

   It burns those it strikes, dealing additional fire damage.
   It fills those it strikes with an explosive inner flame.
   It grants immunity to clouds of flame.
   rF:        It greatly protects you from fire.
Missiles
 M - a throwing net
Armour
 k - a +0 troll leather armour
 v - a +1 helmet (worn)
 w - the +1 pair of gloves "Etumnysh" (worn) {rElec SInv}
   (You found it on level 8 of the Dungeon)

   rElec:     It insulates you from electricity.
   SInv:      It lets you see invisible.
 E - a +0 buckler
 N - a +2 ring mail of poison resistance
 O - +0 acid dragon scales
 R - a +2 chain mail of fire resistance (worn)
 T - a scarf of repulsion
 U - a +0 pair of boots (worn)
 X - a +0 cloak of fire resistance (worn)
Jewellery
 b - the ring of Lelykik {rPois MP+9}
   (You took it off a spriggan on level 6 of the Lair of Beasts)

   [ring of poison resistance]

   rPois:     It protects you from poison.
   MP:        It affects your magic capacity (+9).
 g - the ring "Xoiruus" (right hand) {rElec rC+ rCorr Str+6}
   (You found it on level 6 of the Lair of Beasts)

   [ring of strength]

   Str:       It affects your strength (+6).
   rC:        It protects you from cold.
   rElec:     It insulates you from electricity.
   rCorr:     It protects you from acid and corrosion.
 l - a +4 ring of protection
 m - a +4 ring of slaying (left hand)
 o - a +6 ring of strength
 p - an amulet of reflection
 r - a ring of poison resistance
 G - a ring of positive energy
 I - an amulet of regeneration (around neck)
Wands
 t - a wand of polymorph (17)
 y - a wand of flame (32)
 C - a wand of mindburst (7)
 J - a wand of iceblast (32)
 P - a wand of paralysis (29)
 Q - a wand of digging (2)
Scrolls
 a - a scroll of silence
 c - 3 scrolls of immolation
 e - 4 scrolls of fear
 h - 17 scrolls of identify
 s - 8 scrolls of teleportation
 D - a scroll of blinking
 L - 2 scrolls of fog
 S - a scroll of enchant armour
 W - a scroll of amnesia
Potions
 d - 10 potions of ambrosia
 i - 3 potions of heal wounds
 j - 6 potions of brilliance
 n - 3 potions of mutation
 q - 2 potions of cancellation
 u - 5 potions of attraction
 x - 4 potions of invisibility
 z - 2 potions of berserk rage
 A - 8 potions of curing
 B - 5 potions of flight
 V - 2 potions of resistance
 Y - a potion of might
Miscellaneous
 F - a phial of floods
 Z - a lightning rod (4/4)


   Skills:
 + Level 12.0 Fighting
 + Level 11.2 Short Blades
 + Level 11.2 Long Blades
 + Level 11.2 Axes
 + Level 11.2 Maces & Flails
 + Level 11.2 Polearms
 + Level 11.2 Staves
 + Level 11.2 Slings
 + Level 13.8 Bows
 + Level 11.2 Crossbows
 + Level 11.2 Throwing
 + Level 11.2 Armour
 + Level 12.0 Dodging
 + Level 11.4 Stealth
 + Level 11.2 Shields
 + Level 11.2 Unarmed Combat
 + Level 11.2 Spellcasting
 + Level 9.4 Conjurations
 + Level 9.4 Hexes
 + Level 9.4 Summonings
 + Level 9.4 Necromancy
 + Level 9.4 Translocations
 + Level 9.4 Transmutations
 + Level 12.1 Fire Magic
 + Level 9.4 Ice Magic
 + Level 9.4 Air Magic
 + Level 9.4 Earth Magic
 + Level 9.4 Poison Magic
 + Level 12.1 Invocations
 + Level 11.2 Evocations


You had 30 spell levels left.
You knew the following spells:

 Your Spells              Type           Power      Damage    Failure   Level
a - Frozen Ramparts       Ice            100%       1d12      1%          3
b - Summon Ice Beast      Ice/Summ       51%        N/A       4%          4

Your spell library contained the following spells:

 Spells                   Type           Power      Damage    Failure   Level
 Apportation              Tloc           100%       N/A       1%          1
 Foxfire                  Conj/Fire      100%       2x1d9     1%          1
 Sting                    Tmut/Pois      100%       1d8       1%          1
 Summon Small Mammal      Summ           100%       N/A       1%          1
 Call Imp                 Summ           51%        N/A       1%          2
 Corpse Rot               Necr/Air       100%       N/A       1%          2
 Poisonous Vapours        Pois/Air       100%       N/A       1%          2
 Call Canine Familiar     Summ           51%        N/A       1%          3
 Conjure Flame            Conj/Fire      55%        6-21      1%          3
 Ignite Poison            Fire/Tmut/Pois 53%        N/A       1%          3
 Inner Flame              Hex/Fire       55%        N/A       1%          3
 Summon Guardian Golem    Hex/Summ       51%        N/A       1%          3
 Flame Wave               Conj/Fire      55%        2d11      2%          4
 Sticky Flame             Conj/Fire      55%        2d7       2%          4
 Animate Armour           Summ/Erth      100%       N/A       4%          4
 Cause Fear               Hex            25%        N/A       4%          4
 Dispel Undead            Necr           51%        3d19      4%          4
 Ice Form                 Ice/Tmut       51%        N/A       4%          4
 Leda's Liquefaction      Hex/Erth       25%        N/A       4%          4
 Olgreb's Toxic Radiance  Pois           51%        N/A       4%          4
 Petrify                  Tmut/Erth      51%        N/A       4%          4
 Summon Lightning Spire   Summ/Air       51%        N/A       4%          4
 Alistair's Intoxication  Tmut/Pois      34%        N/A       12%         5
 Lee's Rapid Deconstruct  Erth           25%        3d15*     12%         5
 Death Channel            Necr           25%        N/A       54%         6
 Statue Form              Tmut/Erth      34%        N/A       54%         6
 Summon Cactus Giant      Summ           25%        N/A       54%         6
 Monstrous Menagerie      Summ           25%        N/A       98%         7
 Discord                  Hex            25%        N/A       100%        8


Dungeon Overview and Level Annotations

Branches:
Dungeon (15/15)            Temple (1/1) D:6            Lair (6/6) D:11
 Shoals (0/4) Lair:3       Spider (0/4) Lair:2        Slime (0/5) Lair:5
    Orc (2/2) D:11            Elf (2/3) Orc:2        Vaults (0/5) D:13
 Depths (0/4) D:15        Volcano (visited)         Gauntlet (visited)

Altars:
Ashenzari
Cheibriados
Dithmenos
Elyvilon
Fedhas
Gozag
Hepliaklqana
Kikubaaqudgha
Makhleb
Nemelex Xobeh
Okawaru
Qazlal
Ru
Sif Muna
Trog
Uskayaw
Vehumet
Wu Jian
Xom
Yredelemnul
Zin
The Shining One
Beogh
Lugonu

Shops:
D:8 =   D:10 (   Orc:2 (=(*[   Elf:1 (*

Portals:
Abyss: Lair:6

Annotations:
D:7 exclusion: 4 doors
Lair:4 3 runed translucent doors, vurker's ghost, journeyman FeAE
Orc:1 2 runed translucent doors, exclusion: orange crystal statue


Innate Abilities, Weirdness & Mutations

You have very sharp teeth.
Your uncanny sense of smell can sniff out nearby items.
Your experience applies equally to all skills.
You do not regenerate when monsters are visible.
You sometimes lose the ability to read scrolls when taking damage.
[Armour fits poorly on your strangely shaped body.]
[You are very frail. (-20% HP)]


Message History

The +1 glaive of venom hits you from afar.
You are poisoned.
The deep elf zephyrmancer casts a spell.
The deep elf zephyrmancer blinks!
The deep elf pyromancer casts a spell.
The deep elf pyromancer blinks!
The deep elf sorcerer misses you.
The +1 glaive of venom hits you from afar!
You feel threatened and lose the ability to read scrolls!
* * * LOW HITPOINT WARNING * * *
You are lethally poisoned!
Activating: Slouch (1% risk of failure)
Press: ? - help, Dir - look around, f - activate
Okay, then.
You step out of the flow of time.
You return to the normal time flow.
Cheibriados lowers the support of your attributes as your movement quickens.
* * * LOW HITPOINT WARNING * * *
You feel extremely sick.
You feel better.
Your inner flame fades away.
Your +5 longbow of freezing is covered in frost.
f - a +5 longbow of freezing (weapon)
A deep elf pyromancer comes into view. It is wielding a +0 rapier.
The deep elf pyromancer gestures wildly while chanting.
The deep elf pyromancer blinks!
You start resting.
A deep elf knight is nearby!
You can read scrolls again.
The deep elf knight mumbles some strange words.
The deep elf knight seems to speed up.
You are too injured to fight recklessly!
Shoot: f) +5 longbow (freeze)
Press: ? - help, Q - select action, (/) - cycle Shift-Dir - straight line, f - deep elf knight
Aim: a deep elf knight, wielding a +0 long sword (fast, 67% to hit)
You shoot an arrow. The arrow hits the deep elf knight!!
The arrow freezes the deep elf knight.
The deep elf knight is heavily wounded.
The deep elf knight casts a spell at you.
The shard of ice hits you!!! You partially resist.
You feel threatened and lose the ability to read scrolls!
You die...

#.. ?.# ############.)#
...# ####.##....e.. ...#
......#......# .$.#
.......(.....#####...####
.........................
.........................
...........e.))...[......
............)###@......#
............## #.#...#.#
.####.####### #.#...# .#
#.# #...)[.. .# #.#
#.#...).<. #. #.#
#........# # ..#
#....#.#.# ### ..........


You could see a deep elf knight (fast) and a deep elf pyromancer (wandering).

Vanquished Creatures
  Saint Roka (Orc:2)
  Rupert (Lair:4)
  A lich (Abyss:2)
  3 tentacled starspawn (Abyss:2)
  Kirke (D:15)
  A deep elf sorcerer (Elf:2)
  Louise (Elf:1)
  An orc warlord (Orc:2)
  A stone giant (D:15)
  A quicksilver ooze (Gauntlet)
  A deep elf demonologist (Elf:1)
  A deep elf annihilator (Elf:1)
  Snorg (Orc:2)
  A minotaur (Gauntlet)
  Fannar (Lair:1)
  8 vault guards (D:13)
  2 hydras
  3 boulder beetles
  A catoblepas (Lair:6)
  A centaur warrior (D:15)
  4 death yaks (Lair:4)
  8 two-headed ogres
  5 dancing weapons
  4 thrashing horrors
  2 orc high priests (Orc:2)
  3 tengu warriors
  2 wretched stars (Abyss:2)
  Amaemon (Lair:4)
  5 deep elf knights (Elf:1)
  9 skeletal warriors
  Lodul (D:11)
  7 deep elf archers
  A wizard (D:15)
  21 deep elf pyromancers
  17 deep elf zephyrmancers
  3 orc knights (Orc:2)
  An iron dragon zombie (Abyss:2)
  A mana viper (Abyss:2)
  4 cyclopes
  3 orc sorcerers (Orc:2)
  A manticore (Abyss:2)
  3 ugly things
  A merfolk siren (Lair:3)
  6 black mambas
  2 torpor snails
  A rust devil (Abyss:2)
  5 smoke demons
  A toenail golem (Volcano)
  An apocalypse crab (Gauntlet)
  Joseph (D:9)
  4 elephants (Lair:5)
  An orange demon (Lair:4)
  11 cane toads
  4 yaktaurs (D:15)
  6 gargoyles
  2 freezing wraiths (D:15)
  A kobold demonologist (D:11)
  5 komodo dragons
  3 ice devils
  A hellwing (Abyss:2)
  A tengu conjurer (Gauntlet)
  3 meliai
  3 ancient zymes
  6 trolls
  A harpy zombie (Abyss:2)
  A tyrant leech (Gauntlet)
  A queen bee (Lair:5)
  2 merfolk (Abyss:2)
  A raiju (shapeshifter) (Lair:6)
  2 polar bears
  4 harpy skeletons (Volcano)
  Grinder (D:5)
  A blink frog (shapeshifter) (Lair:6)
  8 blink frogs (Lair:6)
  5 large abominations
  A culicivora (Abyss:2)
  2 starcursed masses (Abyss:2)
  2 air elementals
  3 flying skulls (Volcano)
  A wraith (D:11)
  A shadow (D:13)
  2 hogs (D:15)
  A wyvern (Lair:5)
  10 spriggans
  4 ynoxinuls
  A chaos spawn (Lair:6)
  2 fire elementals (Elf:2)
  13 basilisks
  6 fire bats
  41 yaks
  A neqoxec (Abyss:2)
  2 swamp worms (Gauntlet)
  17 vampire mosquitoes
  2 acid dragons (D:11)
  6 wargs (Orc:2)
  17 water moccasins
  2 ice beasts
  28 orc warriors
  3 sky beasts
  11 ogres
  12 wolves
  6 centaurs
  2 phantoms (D:11)
  2 kobold brigands
  13 small abominations
  2 gnoll sergeants
  14 bullfrogs
  3 necrophages
  9 scorpions
  6 wights
  22 killer bees
  4 howler monkeys
  2 troll skeletons (Volcano)
  2 spriggan skeletons (Volcano)
  A centaur zombie (D:4)
  A bullfrog zombie (D:4)
  5 jellies
  A gnoll shaman (D:10)
  16 orc priests
  4 hounds
  An iguana (shapeshifter) (Lair:6)
  2 scorpion zombies (D:4)
  Ijyb (D:5)
  15 orc wizards
  4 hell rats (Lair:3)
  8 ogre zombies (D:11)
  3 naga skeletons (Volcano)
  2 hound zombies (D:4)
  A hound skeleton (D:4)
  6 adders
  16 gnolls
  A shadow imp (D:8)
  3 white imps
  4 adder zombies (D:4)
  4 worms
  5 dart slugs
  70 orcs
  4 ball pythons
  5 bats
  6 endoplasms
  4 giant cockroaches
  7 hobgoblins
  3 quokkas
  2 frilled lizards
  6 goblins
  A goblin skeleton (D:11)
  4 goblin zombies (D:11)
  2 hobgoblin skeletons (D:11)
  2 hobgoblin zombies (D:11)
  10 kobolds
  4 orc skeletons (D:11)
  12 orc zombies (D:11)
  A rat (D:1)
  A starspawn tentacle (Abyss:2)
760 creatures vanquished.

Vanquished Creatures (collateral kills)
  A death yak (Lair:4)
  2 yaks (Lair:3)
  2 killer bees (Lair:5)
5 creatures vanquished.

Vanquished Creatures (others)
  A deep elf knight (Elf:1)
  A water elemental (D:15)
  2 humans (D:15)
  2 demonic plants (Gauntlet)
  39 fungi
  37 plants
  6 starspawn tentacles (Abyss:2)
  3 withered plants (D:4)
91 creatures vanquished.

Grand Total: 856 creatures vanquished

Notes
Turn   | Place    | Note
-------+----------+-------------------------------------------
     0 | D:1      | epen the Gnoll Hunter began the quest for the Orb.
     0 | D:1      | Reached XP level 1. HP: 20/20 MP: 1/1
    74 | D:1      | Reached XP level 2. HP: 26/26 MP: 2/2
   519 | D:2      | Reached XP level 3. HP: 23/31 MP: 3/3
  1033 | D:2      | Reached skill level 1 in Invocations
  1615 | D:3      | Reached skill level 1 in Short Blades
  1615 | D:3      | Reached skill level 1 in Long Blades
  1615 | D:3      | Reached skill level 1 in Axes
  1615 | D:3      | Reached skill level 1 in Maces & Flails
  1615 | D:3      | Reached skill level 1 in Polearms
  1615 | D:3      | Reached skill level 1 in Staves
  1615 | D:3      | Reached skill level 1 in Slings
  1615 | D:3      | Reached skill level 1 in Crossbows
  1615 | D:3      | Reached skill level 1 in Throwing
  1615 | D:3      | Reached skill level 1 in Armour
  1615 | D:3      | Reached skill level 1 in Shields
  1615 | D:3      | Reached skill level 1 in Unarmed Combat
  1615 | D:3      | Reached skill level 1 in Spellcasting
  1615 | D:3      | Reached skill level 1 in Evocations
  2131 | D:3      | Reached XP level 4. HP: 28/38 MP: 5/5
  2196 | D:4      | Reached skill level 1 in Conjurations
  2196 | D:4      | Reached skill level 1 in Hexes
  2196 | D:4      | Reached skill level 1 in Summonings
  2196 | D:4      | Reached skill level 1 in Necromancy
  2196 | D:4      | Reached skill level 1 in Translocations
  2196 | D:4      | Reached skill level 1 in Transmutations
  2196 | D:4      | Reached skill level 1 in Fire Magic
  2196 | D:4      | Reached skill level 1 in Ice Magic
  2196 | D:4      | Reached skill level 1 in Air Magic
  2196 | D:4      | Reached skill level 1 in Earth Magic
  2196 | D:4      | Reached skill level 1 in Poison Magic
  2196 | D:4      | Reached XP level 5. HP: 40/43 MP: 6/6
  2349 | D:4      | Reached XP level 6. HP: 47/50 MP: 8/8
  2357 | D:4      | Reached skill level 5 in Fighting
  2357 | D:4      | Reached skill level 5 in Dodging
  2575 | D:4      | Noticed an ice beast
  2585 | D:4      | Identified a scroll of acquirement
  2585 | D:4      | Acquired a +2 longbow of freezing
  2616 | D:4      | Killed an ice beast
  2617 | D:4      | Reached XP level 7. HP: 56/56 MP: 10/10
  2819 | D:5      | Entered Level 5 of the Dungeon
  2853 | D:5      | Noticed Ijyb
  2860 | D:5      | Killed Ijyb
  2905 | D:5      | Reached skill level 9 in Bows
  2982 | D:5      | Noticed Grinder
  2987 | D:5      | Killed Grinder
  2988 | D:5      | Reached XP level 8. HP: 63/63 MP: 12/12
  3694 | D:6      | Found a staircase to the Ecumenical Temple.
  3705 | Temple   | Entered the Ecumenical Temple
  3935 | Temple   | Became a worshipper of Cheibriados the Contemplative
  4043 | D:6      | Found a shimmering altar of Xom.
  4054 | D:6      | Found a hide-covered altar of Uskayaw.
  4057 | D:6      | Found a sparkling altar of Nemelex Xobeh.
  4631 | D:7      | Learned a level 3 spell: Frozen Ramparts
  4651 | D:7      | Reached XP level 9. HP: 69/69 MP: 14/14
  4991 | D:7      | Noticed an ice devil
  5010 | D:8      | Noticed a two-headed ogre
  5137 | D:8      | Identified the +1 pair of gloves "Etumnysh" {rElec SInv}
  5446 | D:8      | Killed a two-headed ogre
  5447 | D:8      | Reached skill level 5 in Stealth
  5447 | D:8      | Reached skill level 5 in Invocations
  5461 | D:8      | Found Piraos's Jewellery Boutique.
  5555 | D:8      | Reached * piety under Cheibriados
  5706 | D:8      | Reached ** piety under Cheibriados
  6204 | D:9      | Noticed Joseph
  6206 | D:9      | Noticed a two-headed ogre
  6327 | D:9      | Killed Joseph
  6328 | D:9      | Reached XP level 10. HP: 77/77 MP: 17/17
  6330 | D:9      | Reached skill level 5 in Short Blades
  6330 | D:9      | Reached skill level 5 in Long Blades
  6330 | D:9      | Reached skill level 5 in Axes
  6330 | D:9      | Reached skill level 5 in Maces & Flails
  6330 | D:9      | Reached skill level 5 in Polearms
  6330 | D:9      | Reached skill level 5 in Staves
  6330 | D:9      | Reached skill level 5 in Slings
  6330 | D:9      | Reached skill level 5 in Crossbows
  6330 | D:9      | Reached skill level 5 in Throwing
  6330 | D:9      | Reached skill level 5 in Armour
  6330 | D:9      | Reached skill level 5 in Shields
  6330 | D:9      | Reached skill level 5 in Unarmed Combat
  6330 | D:9      | Reached skill level 5 in Spellcasting
  6330 | D:9      | Reached skill level 5 in Evocations
  6345 | D:8      | Reached skill level 10 in Bows
  6474 | D:9      | Killed a two-headed ogre
  6924 | D:9      | Reached *** piety under Cheibriados
  7149 | D:10     | Entered Level 10 of the Dungeon
  7158 | D:10     | Noticed a gargoyle
  7162 | D:10     | Killed a gargoyle
  7192 | D:10     | Noticed a smoke demon
  7193 | D:10     | Noticed a smoke demon
  7243 | D:10     | Found Qorep's Weapon Boutique.
  7263 | D:10     | Reached XP level 11. HP: 57/84 MP: 16/19
  7636 | D:10     | Reached skill level 5 in Conjurations
  7636 | D:10     | Reached skill level 5 in Hexes
  7636 | D:10     | Reached skill level 5 in Summonings
  7636 | D:10     | Reached skill level 5 in Necromancy
  7636 | D:10     | Reached skill level 5 in Translocations
  7636 | D:10     | Reached skill level 5 in Transmutations
  7636 | D:10     | Reached skill level 5 in Fire Magic
  7636 | D:10     | Reached skill level 5 in Ice Magic
  7636 | D:10     | Reached skill level 5 in Air Magic
  7636 | D:10     | Reached skill level 5 in Earth Magic
  7636 | D:10     | Reached skill level 5 in Poison Magic
  7823 | D:10     | Noticed a deep elf pyromancer
  7842 | D:10     | Killed a deep elf pyromancer
  8065 | D:10     | Reached **** piety under Cheibriados
  8104 | D:10     | Found a burning altar of Makhleb.
  8732 | D:11     | Reached ***** piety under Cheibriados
  8762 | D:11     | Found a staircase to the Orcish Mines.
  8807 | D:11     | Noticed a cyclops
  8817 | D:11     | Killed a cyclops
  8888 | D:11     | Found a staircase to the Lair.
  9182 | D:11     | Noticed a boulder beetle
  9191 | D:11     | Killed a boulder beetle
  9450 | D:11     | Noticed a two-headed ogre
  9452 | D:11     | Noticed a two-headed ogre
  9454 | D:11     | Noticed a two-headed ogre
  9455 | D:11     | Noticed a two-headed ogre
  9549 | D:11     | Noticed Lodul
  9552 | D:11     | Killed Lodul
  9552 | D:11     | Noticed a two-headed ogre
  9555 | D:11     | Killed a two-headed ogre
  9556 | D:11     | Reached XP level 12. HP: 94/94 MP: 22/22
  9556 | D:11     | Noticed a two-headed ogre
  9559 | D:11     | Killed a two-headed ogre
  9560 | D:11     | Reached skill level 11 in Bows
  9566 | D:11     | Killed a two-headed ogre
  9567 | D:11     | Killed a two-headed ogre
  9583 | D:11     | Killed a two-headed ogre
  9586 | D:11     | Killed a two-headed ogre
 10053 | Lair:1   | Entered Level 1 of the Lair of Beasts
 10289 | Lair:1   | Noticed Fannar
 10295 | Lair:1   | Killed Fannar
 10414 | Lair:1   | You fall into a shaft and drop 1 floor!
 10432 | Lair:2   | Found a shimmering blue altar of Sif Muna.
 10682 | Lair:1   | Noticed a six-headed hydra
 10685 | Lair:1   | Killed a six-headed hydra
 10730 | Lair:1   | Reached XP level 13. HP: 101/101 MP: 24/24
 11065 | Lair:1   | Reached ****** piety under Cheibriados
 11500 | Lair:2   | Found a hole to the Spider Nest.
 12091 | Lair:3   | Found a staircase to the Shoals.
 12228 | Lair:3   | Learned a level 4 spell: Summon Ice Beast
 12770 | Lair:4   | Found a runed translucent gate.
 12770 | Lair:4   | Found a runed translucent gate.
 12770 | Lair:4   | Found a runed translucent gate.
 12771 | Lair:4   | Noticed a minotaur
 12988 | Lair:4   | Noticed Amaemon
 12999 | Lair:4   | Killed Amaemon
 13000 | Lair:4   | Reached skill level 12 in Bows
 13091 | Lair:4   | Noticed vurker's ghost (journeyman FeAE)
 13212 | Lair:4   | Noticed Rupert
 13230 | Lair:4   | Killed Rupert
 13772 | Lair:5   | Found a dark tunnel.
 13778 | Volcano  | Entered a volcano
 13881 | Volcano  | Reached skill level 10 in Fighting
 13881 | Volcano  | Reached skill level 10 in Dodging
 13881 | Volcano  | Reached XP level 14. HP: 72/110 MP: 23/26
 15051 | Lair:5   | Found a staircase to the Slime Pits.
 15167 | Lair:6   | Entered Level 6 of the Lair of Beasts
 15289 | Lair:6   | Reached skill level 10 in Invocations
 15721 | Lair:6   | Identified the ring of Lelykik {rPois MP+9}
 15763 | Lair:6   | Reached skill level 10 in Fire Magic
 15851 | Lair:6   | Found a corrupted altar of Lugonu.
 15851 | Lair:6   | Found a one-way gate to the infinite horrors of the Abyss.
 15971 | Lair:6   | Identified the ring "Xoiruus" {rElec rC+ rCorr Str+6}
 16755 | D:12     | Found a gate leading to a gauntlet.
 16771 | Gauntlet | Entered a Gauntlet
 16771 | Gauntlet | Found a transporter.
 16779 | Gauntlet | Found a transporter.
 16780 | Gauntlet | Found a transporter.
 16791 | Gauntlet | Found a transporter.
 16792 | Gauntlet | Found a transporter.
 16798 | Gauntlet | Found a runed translucent gate.
 16800 | Gauntlet | Found a transporter.
 16801 | Gauntlet | Found a runed translucent gate.
 16802 | Gauntlet | Found a runed translucent gate.
 16804 | Gauntlet | Found a transporter.
 16808 | Gauntlet | Found a runed translucent door.
 16808 | Gauntlet | Noticed a quicksilver ooze
 16810 | Gauntlet | Found a runed translucent door.
 16812 | Gauntlet | Found a transporter.
 16816 | Gauntlet | Found a transporter.
 16824 | Gauntlet | Found a transporter.
 16845 | Gauntlet | Found a transporter.
 16857 | Gauntlet | Found a transporter.
 16870 | Gauntlet | Found a transporter.
 16882 | Gauntlet | Found a transporter.
 16979 | Gauntlet | Reached skill level 10 in Stealth
 17026 | Gauntlet | Killed a quicksilver ooze
 17260 | Gauntlet | Reached XP level 15. HP: 49/117 MP: 24/28
 17324 | Gauntlet | Got Igeiz's Collected Works on Transformation and the
                  | Escort
 18028 | D:13     | Identified the +5 great sword "Gnoll's Doom" {flame, rN+
                  | Str+4 Dex-4}
 18173 | D:13     | Reached skill level 10 in Short Blades
 18173 | D:13     | Reached skill level 10 in Long Blades
 18173 | D:13     | Reached skill level 10 in Axes
 18173 | D:13     | Reached skill level 10 in Maces & Flails
 18173 | D:13     | Reached skill level 10 in Polearms
 18173 | D:13     | Reached skill level 10 in Staves
 18173 | D:13     | Reached skill level 10 in Slings
 18173 | D:13     | Reached skill level 10 in Crossbows
 18173 | D:13     | Reached skill level 10 in Throwing
 18173 | D:13     | Reached skill level 10 in Armour
 18173 | D:13     | Reached skill level 10 in Shields
 18173 | D:13     | Reached skill level 10 in Unarmed Combat
 18173 | D:13     | Reached skill level 10 in Spellcasting
 18173 | D:13     | Reached skill level 10 in Evocations
 18184 | D:13     | Reached skill level 13 in Bows
 18266 | D:13     | Found a gate to the Vaults.
 18636 | D:14     | Found a radiant altar of Vehumet.
 18971 | D:14     | Found a glowing silver altar of Zin.
 19131 | D:15     | Entered Level 15 of the Dungeon
 19643 | D:15     | Noticed Kirke
 19652 | D:15     | Killed Kirke
 20070 | D:15     | Found a staircase to the Depths.
 20438 | Orc:1    | Entered Level 1 of the Orcish Mines
 20534 | Orc:1    | Found the +10 tower shield of Ignorance {rN+ Int-4}
 20542 | Orc:1    | Found a runed translucent door.
 20560 | Orc:1    | Found a runed translucent door.
 20792 | Orc:2    | Entered Level 2 of the Orcish Mines
 20939 | Orc:2    | Noticed Snorg
 20948 | Orc:2    | Killed Snorg
 20998 | Orc:2    | Found a staircase to the Elven Halls.
 21248 | Orc:2    | Noticed an orc warlord
 21259 | Orc:2    | Killed an orc warlord
 21389 | Orc:2    | Reached XP level 16. HP: 121/126 MP: 30/30
 21517 | Orc:2    | Found Okezezu's General Store.
 21526 | Orc:2    | Found Syabbiud's Jewellery Boutique.
 21532 | Orc:2    | Found Muizeff's Antique Weapon Boutique.
 21537 | Orc:2    | Found Uduixt's Antique Armour Boutique.
 21678 | Orc:2    | Noticed Saint Roka
 21795 | Orc:2    | Killed Saint Roka
 22204 | Orc:2    | Found Soen's Weapon Shop.
 22330 | Elf:1    | Entered Level 1 of the Elven Halls
 22393 | Elf:1    | Noticed Louise
 22430 | Elf:1    | Killed Louise
 22476 | Elf:1    | Got the Tome of Calling
 22826 | Elf:1    | Paralysed by an air elemental for 1 turns
 22946 | Elf:1    | Found Eholep's General Store.
 23085 | Elf:1    | Found Giemmo's Weapon Shop.
 23491 | Elf:2    | Cast into level 2 of the Abyss (a deep elf sorcerer)
 23494 | Abyss:2  | Noticed a tentacled starspawn
 23786 | Abyss:2  | Noticed a tentacled starspawn
 23817 | Abyss:2  | Killed a tentacled starspawn
 23955 | Abyss:2  | Noticed a tentacled starspawn
 23964 | Abyss:2  | Gained mutation: You do not regenerate when monsters are
                  | visible. [a neqoxec]
 23969 | Abyss:2  | Killed a tentacled starspawn
 23985 | Abyss:2  | Noticed a tentacled starspawn
 23996 | Abyss:2  | Killed a tentacled starspawn
 24105 | Abyss:2  | HP: 5/101 [large abomination (6)]
 24214 | Abyss:2  | Noticed a lich
 24233 | Abyss:2  | Killed a lich
 24280 | Abyss:2  | Gained mutation: You sometimes lose the ability to read
                  | scrolls when taking damage. [a neqoxec]
 24284 | Elf:2    | Escaped the Abyss
 24294 | Elf:2    | Killed from afar by a deep elf knight

Illustrated notes

Levels and vault maps discovered:
D:1:      giann_horns, layout_basic, minmay_tiny_reverse_x
D:2:      layout_loops_corners
D:3:      layout_loops_corners, serial_glass, glass_columns_b, glass_columns_a,
          glass_columns_a, glass_columns_a, glass_columns_b, glass_columns_a,
          glass_columns_a, glass_columns_a, glass_columns_a, glass_columns_b,
          glass_columns_a, glass_columns_a, glass_columns_c, glass_columns_b
D:4:      layout_rooms, serial_undead, serial_undead_e, serial_undead_a,
          serial_undead_e, serial_undead_c
D:5:      layout_rooms, uniq_ijyb, uniq_grinder
D:6:      layout_layer_cave, minmay_overflow_temple_star_quad,
          minmay_temple_entry_tees
D:7:      layout_rooms, minmay_misc_feat_x, hellmonk_guarded_unrand_frostbite
D:8:      layout_basic, special_room [special_room_orc],
          hangedman_decor_riveting, minmay_shop_enchanted_jewellery, hex_tiny
D:9:      layout_small_grid, uniq_joseph
D:10:     minmay_firetagon, layout_basic, lemuel_crystal_altar, serial_shops,
          shop
D:11:     layout_loops_ring, grunt_lair_entry_orc_guard_hut, zombieorc2_lemuel,
          uniq_lodul
D:12:     layout_roguey, gauntlet_entry_generic, nicolae_straight_to_the_point
D:13:     layout_rooms, erik_vaults_2
D:14:     layout_basic, vehumet_crystals, nrook_campfire, zin_scriptorium
D:15:     grunt_enter_depths_snipers, layout_basic, hangedman_decor_growths,
          lemuel_freeze_loot_1, uniq_kirke
Temple:   eino_narrow_crystal_temple
Lair:1:   kb_forest_paths, layout_long_grid, minivault_23, uniq_fannar
Lair:2:   layout_loops_ring, nicolae_spider_entry_non_spiders, basic_altar,
          lemuel_fruit_tree
Lair:3:   layout_big_grid, minmay_shoals_entry_lonely_mermaid,
          beast_lair_carwin_2
Lair:4:   layout_loops_ring, maelrawn_ghost_gauntlet_escape,
          hibernation_bobbens, uniq_amaemon, uniq_rupert
Lair:5:   layout_cave_pods, dpeg_slime_entry_corner, enter_volcano_2,
          special_room [special_room_bee], grunt_megastairs_4,
          serial_bayou_shore_b
Lair:6:   hellmonk_lair_end_abyssal_woods, layout_regular_city
Orc:1:    layout_caves, chequers_guarded_unrand_ignorance
Orc:2:    grunt_orc_cross, layout_caves, basic_altar, serial_shops,
          nicolae_shop_waterfront, portal_ice_cave_demonic_guard,
          nicolae_orc_lava_room, uniq_snorg, uniq_saint_roka
Elf:1:    layout_gridlike, serial_shops, nicolae_shop_hallway_stairs,
          nicolae_shop_trees, minmay_elf_demonology,
          roderic_lattice_octagonal_star, uniq_louise
Elf:2:    elven_hall_of_blades_hangedman_alternative
          [nicolae_blade_entry_splitting_headache], layout_loops_cross,
          serial_shops, nicolae_shop_hallway_plus

Skill      XL: |  1  2  3  4  5  6  7  8  9 10 11 12 13 14 15 16 |
---------------+-------------------------------------------------+-----
Invocations    | 1 2 3 4 5 6 7 8 9 10 11 12 | 12.1
Short Blades   | 1 2 3 4 5 6 7 8 9 10 11 | 11.2
Long Blades    | 1 2 3 4 5 6 7 8 9 10 11 | 11.2
Axes           | 1 2 3 4 5 6 7 8 9 10 11 | 11.2
Maces & Flails | 1 2 3 4 5 6 7 8 9 10 11 | 11.2
Polearms       | 1 2 3 4 5 6 7 8 9 10 11 | 11.2
Staves         | 1 2 3 4 5 6 7 8 9 10 11 | 11.2
Slings         | 1 2 3 4 5 6 7 8 9 10 11 | 11.2
Crossbows      | 1 2 3 4 5 6 7 8 9 10 11 | 11.2
Throwing       | 1 2 3 4 5 6 7 8 9 10 11 | 11.2
Armour         | 1 2 3 4 5 6 7 8 9 10 11 | 11.2
Shields        | 1 2 3 4 5 6 7 8 9 10 11 | 11.2
Unarmed Combat | 1 2 3 4 5 6 7 8 9 10 11 | 11.2
Spellcasting   | 1 2 3 4 5 6 7 8 9 10 11 | 11.2
Evocations     | 1 2 3 4 5 6 7 8 9 10 11 | 11.2
Conjurations   | 1 2 3 4 5 6 7 8 9 |  9.4
Hexes          | 1 2 3 4 5 6 7 8 9 |  9.4
Summonings     | 1 2 3 4 5 6 7 8 9 |  9.4
Necromancy     | 1 2 3 4 5 6 7 8 9 |  9.4
Translocations | 1 2 3 4 5 6 7 8 9 |  9.4
Transmutations | 1 2 3 4 5 6 7 8 9 |  9.4
Fire Magic     | 1 2 3 4 6 7 9 10 11 12 | 12.1
Ice Magic      | 1 2 3 4 5 6 7 8 9 |  9.4
Air Magic      | 1 2 3 4 5 6 7 8 9 |  9.4
Earth Magic    | 1 2 3 4 5 6 7 8 9 |  9.4
Poison Magic   | 1 2 3 4 5 6 7 8 9 |  9.4
Stealth        | 3 4 5 6 7 8 9 10 11 | 11.4
Fighting       | 5 6 7 8 9 10 11 12 | 12.0
Dodging        | 5 6 7 8 9 10 11 12 | 12.0
Bows           | 9 10 11 12 13 | 13.8

Action                   |  1- 3 |  4- 6 |  7- 9 | 10-12 | 13-15 | 16-18 || total
-------------------------+-------+-------+-------+-------+-------+-------++-------
Melee: Great mace        |       |       |       |    18 |   184 |   133 ||   335
       Bite              |       |       |       |     2 |    16 |    16 ||    34
 Fire: Shortbow          |    92 |    87 |       |       |     9 |       ||   188
       Longbow           |       |     5 |   201 |   340 |   644 |   143 ||  1333
 Cast: Frozen Ramparts   |       |       |     1 |    10 |    22 |    17 ||    50
       Summon Ice Beast  |       |       |       |       |    17 |       ||    17
Invok: Slouch            |       |       |       |       |     5 |     5 ||    10
       Step From Time    |       |       |       |       |       |     1 ||     1
Evoke: Wand              |       |       |       |       |     1 |       ||     1
       Phial of floods   |       |       |       |       |       |     1 ||     1
  Use: Scroll            |       |     6 |    10 |     9 |     6 |     5 ||    36
       Potion            |       |       |       |     1 |       |     5 ||     6
 Stab: Petrified         |       |       |       |       |     2 |       ||     2
       Paralysed         |       |       |       |       |     1 |       ||     1
       Sleeping          |       |       |       |       |     1 |       ||     1
       Confused          |       |       |       |       |       |     1 ||     1
Armor: Leather armour    |     6 |    12 |    14 |    18 |       |       ||    50
       Ring mail         |       |       |       |     9 |   133 |     1 ||   143
       Chain mail        |       |       |       |       |       |    60 ||    60
Dodge: Dodged            |    14 |    20 |    37 |   138 |   632 |   257 ||  1098
Block: Other             |     3 |     7 |     8 |    32 |     7 |       ||    57
       Reflection        |       |       |     2 |     1 |       |       ||     3

Table legend: (Time is in decaauts)
 A = Elapsed time spent in this place.
 B = Non-inter-level travel time spent in this place.
 C = Inter-level travel time spent in this place.
 D = Time resting spent in this place.
 E = Time spent auto-exploring this place.
 F = Levels seen in this place.
 G = Mean time per level.
                   A        B        C        D        E       F      G
               +--------+--------+--------+--------+--------+-----+--------+
         Total |  35931 |  34417 |   1514 |   3851 |  24207 |  29 | 1239.0 |
       Dungeon |  17325 |  16390 |    935 |   1805 |  12087 |  15 | 1155.0 |
        Temple |    240 |    212 |     28 |      0 |    200 |   1 |  240.0 |
          Lair |  10538 |  10171 |    367 |    436 |   8317 |   6 | 1756.3 |
  Orcish Mines |   3024 |   2926 |     98 |    495 |   1823 |   2 | 1512.0 |
   Elven Halls |   1990 |   1906 |     84 |    214 |   1218 |   2 |  995.0 |
         Abyss |   1096 |   1096 |      0 |    413 |      0 |   1 | 1096.0 |
       Volcano |    775 |    775 |      0 |    113 |    313 |   1 |  775.0 |
      Gauntlet |    940 |    940 |      0 |    374 |    248 |   1 |  940.0 |
               +--------+--------+--------+--------+--------+-----+--------+

Top non-repeatable levels by time:
    D:11: 2208 daAuts
  Lair:6: 2204 daAuts
   Orc:2: 2120 daAuts
    D:15: 2010 daAuts
  Lair:5: 1902 daAuts
    D:10: 1848 daAuts
  Lair:1: 1828 daAuts
   Elf:1: 1744 daAuts
  Lair:4: 1725 daAuts
     D:8: 1686 daAuts
  Lair:3: 1446 daAuts
  Lair:2: 1429 daAuts
    D:12: 1381 daAuts
     D:6: 1194 daAuts
    D:13: 1112 daAuts
